 Dungeon Crawl Stone Soup version 0.32-a0-913-g739538afd8 (webtiles) character file.

Game seed: 4392521540274661510

98 pokedragonboy the Sneak (level 4, -1/24 HPs)
             Began as a Vampire Enchanter on Apr 8, 2024.
             Slain by Crazy Yiuf
             ... wielding a +2 quarterstaff of chaos
              (9 damage)
             ... on level 2 of the Dungeon.
             The game lasted 00:06:57 (2272 turns).

pokedragonboy the Sneak (Vampire Enchanter)         Turns: 2272, Time: 00:06:58

Health: -1/24      AC:  4    Str:  7    XL:     4   Next: 43%
Magic:  2/7        EV: 10    Int: 17    God:
Gold:   102        SH:  0    Dex: 16    Spells: 2/7 levels left

rFire   . . .        a - +3 dagger (venom)
rCold   + + .        (no shield)
rNeg    + + +        l - +0 leather armour
rPois   ∞            (no helmet)
rElec   .            (no cloak)
rCorr   .            (no gloves)
SInv    +            e - +0 pair of boots
Will    .....        (no amulet)
Stlth   +++++        (no ring)
HPRegen 0.00/turn    (no ring)
MPRegen 0.10/turn

%: no passive effects
@: very slightly contaminated, bloodless, inhibited regen
A: bloodless, fangs 3, see invisible, vampiric 2
a: Bat Form, Revivify


You were on level 2 of the Dungeon.
You visited 1 branch of the dungeon, and saw 2 of its levels.

You collected 102 gold pieces.

Inventory:

Hand Weapons
 a - a +3 dagger of venom (weapon)
 b - the +4 hammer "Guysm" {elec, Int+3 SInv}
   (You found it on level 2 of the Dungeon)

   Int+3:     It affects your intelligence (+3).
   SInv:      It lets you see invisible.
 i - a +1 dagger
Armour
 e - a +0 pair of boots (worn)
 l - a +0 leather armour (worn)
 m - a +0 robe
Scrolls
 d - a scroll of revelation
 h - a scroll of immolation {unknown}
 j - a scroll of amnesia {unknown}
 k - 2 scrolls of enchant armour {unknown}
 o - a scroll of vulnerability {unknown}
Potions
 c - 2 potions of invisibility
 f - a potion of attraction {unknown}
 g - a potion of magic {unknown}
 n - a potion of degeneration {unknown}


   Skills:
 + Level 2.2 Short Blades
 - Level 2.1 Dodging
 * Level 6.2 Stealth
 - Level 2.0 Spellcasting
 * Level 5.9 Hexes


You had 2 spell levels left.
You knew the following spells:

 Your Spells              Type           Power      Damage    Failure   Level
a - Ensorcelled Hibernat  Hex/Ice        22%        N/A       13%         2
b - Tukima's Dance        Hex            21%        N/A       8%          3

Your spell library contained the following spells:

 Spells                   Type           Power      Damage    Failure   Level
 Confusing Touch          Hex            21%        N/A       8%          3
 Dazzling Flash           Conj/Hex       22%        N/A       26%         3


Dungeon Overview and Level Annotations

Branches:
Dungeon (2/15)

Altars:

Annotations:
D:2 Crazy Yiuf


Innate Abilities, Weirdness & Mutations

You do not regenerate when monsters are visible.
You are frail without blood (-20% HP).
You can heal yourself when you bite living creatures.
You are immune to poison.
You have razor-sharp teeth.
You have supernaturally acute eyesight. (SInv)
You are afflicted with vampirism and can become a bat while bloodless.


Message History

Confirm with . or Enter, or press ? or * to list all spells.
Aiming: Ensorcelled Hibernation (safe; 13% risk of failure)
Press: ? - help, Shift-Dir - straight line, f - Crazy Yiuf
Aim: Crazy Yiuf, wielding a +2 quarterstaff of chaos and wearing a +1 cloak (chance to affect: 53%)
You miscast Ensorcelled Hibernation.
You are very lightly contaminated with residual magic.
Nothing appears to happen.
Casting: Ensorcelled Hibernation (safe; 13% risk of failure)
Confirm with . or Enter, or press ? or * to list all spells.
Aiming: Ensorcelled Hibernation (safe; 13% risk of failure)
Press: ? - help, Shift-Dir - straight line, f/p - Crazy Yiuf
Aim: Crazy Yiuf, wielding a +2 quarterstaff of chaos and wearing a +1 cloak (chance to affect: 53%)
You miscast Ensorcelled Hibernation.
Nothing appears to happen.
Crazy Yiuf barely misses you.
Casting: Ensorcelled Hibernation (safe; 13% risk of failure)
Confirm with . or Enter, or press ? or * to list all spells.
Aiming: Ensorcelled Hibernation (safe; 13% risk of failure)
Press: ? - help, Shift-Dir - straight line, f/p - Crazy Yiuf
Aim: Crazy Yiuf, wielding a +2 quarterstaff of chaos and wearing a +1 cloak (chance to affect: 53%)
You miscast Ensorcelled Hibernation.
Nothing appears to happen.
Crazy Yiuf barely misses you.
You hit Crazy Yiuf.
Crazy Yiuf is poisoned.
Crazy Yiuf is moderately wounded.
Crazy Yiuf completely misses you.
You hit Crazy Yiuf but do no damage.
Crazy Yiuf looks as sick as possible!
Crazy Yiuf is moderately wounded.
Crazy Yiuf hits you with a +2 quarterstaff of chaos!
You barely miss Crazy Yiuf.
Crazy Yiuf is moderately wounded.
Crazy Yiuf hits you with a +2 quarterstaff of chaos!
Crazy Yiuf cries, "You leg down broken song, no?"
There is an open translucent door here.
Crazy Yiuf sings, "Trees, trees, trees, circus!"
Crazy Yiuf attacks as he pursues you! Crazy Yiuf closely misses you.
You hit Crazy Yiuf.
Crazy Yiuf looks as sick as possible!
Crazy Yiuf is severely wounded.
Crazy Yiuf whimpers, "Buddy!"
Crazy Yiuf attacks as he pursues you!
Crazy Yiuf hits you with a +2 quarterstaff of chaos!
You die...

### #### ### ########.### #..#
#.#
...........####..###########.#
.............................#
#.######.#.###)...##########.#
#.# ####.#.# ##.@##
#######.#### ..# #......#
♣..g.♣ #..>........ #.#
#......# ♣.).♣♣ #######.####
#.# #......# ♣♣.♣♣ #....# #.#
#......# ♣.♣♣ #....#
#.###......# ♣♣.♣ ####....####
...........# ♣.♣♣ #.......>...
...........# ♣♣.♣ #........###
...........# ##'##
#...........


You could see Crazy Yiuf (extremely poisoned).

Vanquished Creatures
  Jessica (D:2)
  2 adders (D:2)
  A ribbon worm (D:2)
  3 ball pythons
  6 endoplasms
  A giant cockroach (D:2)
  9 goblins
  5 hobgoblins
  2 jackals (D:1)
  A quokka (D:1)
  5 bats
  5 kobolds
  6 rats
47 creatures vanquished.

Notes
Turn   | Place    | Note
-------+----------+-------------------------------------------
     0 | D:1      | pokedragonboy the Vampire Enchanter began the quest for the
                  | Orb.
     0 | D:1      | Reached XP level 1. HP: 13/13 MP: 3/3
   305 | D:1      | Reached XP level 2. HP: 15/15 MP: 5/5
   489 | D:1      | Learned a level 2 spell: Ensorcelled Hibernation
   532 | D:1      | Reached skill level 5 in Stealth
   613 | D:1      | Reached skill level 5 in Hexes
  1009 | D:1      | Gained mutation: You are afflicted with vampirism and can
                  | become a bat while bloodless. [Vampire growth]
  1009 | D:1      | Reached XP level 3. HP: 19/19 MP: 6/6
  1174 | D:2      | Noticed Jessica
  1183 | D:2      | Killed Jessica
  1281 | D:2      | Reached skill level 6 in Stealth
  1281 | D:2      | Reached XP level 4. HP: 24/24 MP: 4/7
  1692 | D:2      | Identified the +4 hammer "Guysm" {elec, Int+3 SInv}
  1696 | D:2      | Found a runed translucent door.
  1697 | D:2      | Noticed Crazy Yiuf
  1838 | D:2      | Learned a level 3 spell: Tukima's Dance
  2272 | D:2      | Slain by Crazy Yiuf

Illustrated notes

Levels and vault maps discovered:
D:1:      dpeg_arrival_arbitrary_b, layout_basic
D:2:      layout_basic, uniq_jessica, uniq_crazy_yiuf_cottage

Skill      XL: |  1  2  3 |
---------------+----------+-----
Stealth        | 5 6 |  6.2
Hexes          | 5 |  5.9
Short Blades   | 2 |  2.2
Dodging        | |  2.1
Spellcasting   | |  2.0

Action                     |  1- 3 |  4- 6 || total
---------------------------+-------+-------++-------
  Melee: Dagger            |    82 |    35 ||   117
         Bite              |     9 |       ||     9
   Cast: Ensorcelled Hiber |     8 |       ||     8
Ability: Exsanguinate      |     1 |       ||     1
    Use: Scroll            |       |     1 ||     1
   Stab: Sleeping          |    15 |     7 ||    22
 Armour: Robe              |    40 |     1 ||    41
         Leather armour    |       |    11 ||    11
  Dodge: Dodged            |    30 |    16 ||    46

Table legend: (Time is in decaauts)
 A = Elapsed time spent in this place.
 B = Non-inter-level travel time spent in this place.
 C = Inter-level travel time spent in this place.
 D = Time resting spent in this place.
 E = Time spent auto-exploring this place.
 F = Levels seen in this place.
 G = Mean time per level.
                   A        B        C        D        E       F      G
               +--------+--------+--------+--------+--------+-----+--------+
         Total |   2259 |   2203 |     56 |    453 |   1296 |   2 | 1129.5 |
       Dungeon |   2259 |   2203 |     56 |    453 |   1296 |   2 | 1129.5 |
               +--------+--------+--------+--------+--------+-----+--------+

Top non-repeatable levels by time:
     D:1: 1148 daAuts
     D:2: 1110 daAuts
